 Dungeon Crawl Stone Soup version 0.23-a0-837-ga3e6480 (webtiles) character file.

68 George the Chopper (level 4, -3/35 HPs)
             Began as a Demonspawn Fighter on Jan 24, 2019.
             Killed from afar by an orc wizard (4 damage)
             ... with a magic dart
             ... on level 2 of the Dungeon.
             The game lasted 00:01:47 (1771 turns).

George the Chopper (Demonspawn Fighter)             Turns: 1771, Time: 00:01:48

Health: -3/35      AC:  8    Str: 18    XL:     4   Next: 1%
Magic:  4/4        EV:  5    Int:  9    God:
Gold:   144        SH:  8    Dex: 12    Spells: 3/3 levels left

rFire    . . .     SeeInvis .   a - +0 war axe
rCold    . . .     Gourm    .   c - +0 shield
rNeg     . . .     Faith    .   g - +4 chain mail
rPois    .         Spirit   .   (no helmet)
rElec    .         Reflect  .   (no cloak)
rCorr    .         Harm     .   (no gloves)
MR       .....                  (no boots)
Stlth    ..........             (no amulet)
HPRegen  0.11/turn              h - +1 ring of evasion
MPRegen  0.09/turn              (no ring)

@: corroded
A: talons 2, powered by death 1
a: no special abilities


You were on level 2 of the Dungeon.
You were hungry.

You visited 1 branch of the dungeon, and saw 2 of its levels.

You collected 144 gold pieces.

Inventory:

Hand Weapons
 a - a +0 war axe (weapon)
Armour
 c - a +0 shield (worn)
 g - a +4 chain mail (worn)
Jewellery
 b - an uncursed amulet of faith
 h - a +1 ring of evasion (left hand)
Scrolls
 e - 2 scrolls of teleportation {unknown}
 i - a scroll of fear {unknown}
Potions
 d - a potion of might
 j - a potion of cancellation {unknown}
 k - a potion of curing {unknown}
 l - a potion of brilliance {unknown}
 n - a potion of heal wounds {unknown}
Comestibles
 f - 3 rations


   Skills:
 - Level 3.0 Fighting
 + Level 3.9 Axes
 - Level 2.6 Armour
 - Level 2.6 Shields


You had 3 spell levels left.
You didn't know any spells.
Your spell library was empty.

Dungeon Overview and Level Annotations

Branches:
Dungeon (2/15)

Altars:
Elyvilon
Hepliaklqana

Annotations:
D:2 1 transporter


Innate Abilities, Weirdness & Mutations

You have razor-sharp toenails.
You regenerate a little health from kills.


Message History

The magic dart hits you.
You barely miss the orc wizard. Your kick misses the orc wizard.
You block the orc wizard's attack.
Your shield and chain mail prevent you from hitting the orc wizard.
You slash the jelly!
Your hands burn!
The orc wizard hits you with a +1 dagger of electrocution.
You block the jelly's attack.
You hit the orc wizard. Your kick misses the orc wizard.
The orc wizard is moderately wounded.
You hit the jelly. The acid corrodes you!
Your hands burn!
You block the orc wizard's attack. The jelly hits you but does no damage.
The orc wizard hits you with a +1 dagger of electrocution.
You are electrocuted!!
Ouch! That really hurt!
* * * LOW HITPOINT WARNING * * *
You block the jelly's attack.
Okay, then.
The orc wizard casts a spell at you. The magic dart hits you.
You die...

.#........#.##.###....(.########.
.#....................(.## #...
.#.......#########..###..# #...
...#.#..##...©...##.# ##(# #...
...#.#..#8......$8#.# #.# #...
...#.#..#$%.......#.####.## #...
.....#..#.=.......#...##..# #...
.......©#_$...J©o.#©..###.# #...
........#.!.....@.#...# #.# #...
....###.#$=.......#.#.###.####...
.....##.#8.......8#.#............
.)...##.##.......##........####..
.....##..#########.........####..
####.###.....................(...
####+####........................
.................................
..................)..............


You could see a jelly and an orc wizard.

Vanquished Creatures
  An adder (D:2)
  3 dart slugs
  4 leopard geckos
  2 ball pythons (D:2)
  A giant cockroach (D:2)
  4 goblins
  8 hobgoblins
  6 jackals (D:2)
  A quokka (D:2)
  4 bats
  A frilled lizard (D:1)
  5 kobolds
  5 rats
45 creatures vanquished.

Notes
Turn   | Place    | Note
-------+----------+-------------------------------------------
     0 | D:1      | George the Demonspawn Fighter began the quest for the Orb.
     0 | D:1      | Reached XP level 1. HP: 18/18 MP: 1/1
    96 | D:1      | Gained mutation: You have sharp toenails. [demonic
                  | ancestry]
    96 | D:1      | Reached XP level 2. HP: 24/24 MP: 2/2
  1182 | D:2      | Gained mutation: You have razor-sharp toenails. [demonic
                  | ancestry]
  1182 | D:2      | Reached XP level 3. HP: 27/29 MP: 3/3
  1250 | D:2      | Found a hazy altar of Hepliaklqana.
  1268 | D:2      | Found a transporter.
  1310 | D:2      | Found a transporter.
  1517 | D:2      | Gained mutation: You regenerate a little health from kills.
                  | [demonic ancestry]
  1517 | D:2      | Reached XP level 4. HP: 35/35 MP: 4/4
  1563 | D:2      | Found a white marble altar of Elyvilon.
  1770 | D:2      | HP: 1/35 [orc wizard/+1 dagger of electrocution (18)]
  1771 | D:2      | Killed from afar by an orc wizard

Vault maps used:
D:1:      shiori_arrival_elements, grunt_decor_arrowhead
D:2:      gammafunk_temple_overflow_arena, elyvilon_altar_4,
          minmay_misc_feat_doors

Skill      XL: |  1  2 |
---------------+-------+-----
Axes           | 2 3 |  3.9
Fighting       | |  3.0
Armour         | |  2.6
Shields        | |  2.6

Action                   |  1- 3 |  4- 6 || total
-------------------------+-------+-------++-------
Melee: War axe           |   116 |     4 ||   120
       Kick              |    22 |       ||    22
  Eat: Chunk             |     2 |       ||     2
Armor: Chain mail        |    88 |     1 ||    89
       Scale mail        |     2 |       ||     2
Dodge: Dodged            |    40 |       ||    40
Block: Shield            |    69 |     5 ||    74

Table legend:
 A = Non-vault XP
 B = Vault XP
 C = Vault XP percentage of total XP
 D = Non-vault monster count
 E = Vault monster count
 F = Vault count percentage of total count
                 A         B        C        D         E       F
            +---------+---------+-------+---------+---------+-------
      Total |      98 |       0 |   0.0 |      45 |       0 |   0.0
            +---------+---------+-------+---------+---------+-------
        D:1 |      39 |       0 |   0.0 |      20 |       0 |   0.0
        D:2 |      59 |       0 |   0.0 |      25 |       0 |   0.0
            +---------+---------+-------+---------+---------+-------
